 Dungeon Crawl Stone Soup version 0.31.0-12-g77e489cdc1 (webtiles) character file.

Game seed: 5817660454714287178

10964 Gadfly the Prestidigitator (level 11, -1/99 HPs)
             Began as an Armataur Fighter on Mar 1, 2024.
             Was a Believer of the Shining One.
             Killed from afar by a tengu conjurer (22 damage)
             ... with a bolt of lightning
             ... on level 8 of the Dungeon.
             The game lasted 00:20:27 (10423 turns).

Gadfly the Prestidigitator (Armataur Fighter)      Turns: 10423, Time: 00:20:28

Health: -1/99      AC: 20    Str: 29    XL:     11   Next: 43%
Magic:  17/17      EV:  7    Int:  8    God:    the Shining One [**....]
Gold:   779        SH: 10    Dex: 13    Spells: 8/10 levels left

rFire   . . .        a - +0 flail (protect)
rCold   . . .        n - +0 kite shield
rNeg    + . .        e - +2 scale mail {rPois}
rPois   +            z - +1 hat
rElec   .            c - +0 cloak
rCorr   .            x - +0 pair of gloves
SInv    .            (no barding)
Will    .....        l - amulet of the acrobat Stlth
                     k - +6 ring of strength
HPRegen 0.36/turn    (no ring)
MPRegen 0.15/turn

%: acrobat, clarity, roll
@: about to teleport, under a protective aura, glowing
A: large, deformed body, tough skin 3, armoured tail, roll 2, claws 1, clarity,
sense surroundings 1, robust 1
a: Renounce Religion, Divine Shield


You were on level 8 of the Dungeon.
You worshipped the Shining One.
The Shining One was pleased with you.
You visited 2 branches of the dungeon, and saw 12 of its levels.
You also visited: Sewer.

You collected 779 gold pieces.

Inventory:

Hand Weapons
 a - a +0 flail of protection (weapon)
 w - a +0 flail
Armour
 c - a +0 cloak (worn)
 e - a +2 scale mail of poison resistance (worn)
 n - a +0 kite shield (worn)
 x - a +0 pair of gloves (worn)
 z - a +1 hat (worn)
Jewellery
 k - a +6 ring of strength (left hand)
 l - an amulet of the acrobat (around neck)
Wands
 f - a wand of light (4)
 s - a wand of roots (15)
 y - a wand of polymorph (8)
 B - a wand of paralysis (5)
Scrolls
 b - 2 scrolls of enchant armour
 h - 2 scrolls of summoning
 i - a scroll of fog
 m - 3 scrolls of revelation
 p - a scroll of poison
 t - a scroll of teleportation
 u - 4 scrolls of identify
 A - a scroll of fear
 C - a scroll of brand weapon
Potions
 d - 2 potions of might
 g - 2 potions of mutation
 j - 3 potions of attraction
 o - a potion of ambrosia
 q - 6 potions of curing
 v - 3 potions of haste


   Skills:
 + Level 6.3 Fighting
 * Level 8.0 Maces & Flails
 + Level 8.1 Armour
 + Level 7.3 Shields
 * Level 8.6 Invocations
 * Level 8.6 Evocations


You had 8 spell levels left.
You knew the following spells:

 Your Spells              Type           Power      Damage    Failure   Level
a - Blink                 Tloc           0%         N/A       91%         2

Your spell library contained the following spells:

 Spells                   Type           Power      Damage    Failure   Level
 Apportation              Tloc           0%         N/A       82%         1
 Sting                    Conj/Alch      0%         1d3       82%         1
 Jinxbite                 Hex            0%         N/A       91%         2
 Lesser Beckoning         Tloc           0%         N/A       91%         2
 Mercury Vapours          Alch/Air       0%         N/A       91%         2
 Momentum Strike          Conj/Tloc      0%         3d8       91%         2
 Inner Flame              Hex/Fire       0%         N/A       99%         3
 Stone Arrow              Conj/Erth      0%         3d7       99%         3
 Animate Armour           Summ/Erth      0%         N/A       100%        4
 Flame Wave               Conj/Fire      0%         2d4       100%        4
 Manifold Assault         Tloc           0%         N/A       100%        4
 Olgreb's Toxic Radiance  Alch           0%         N/A       100%        4
 Sticky Flame             Fire/Alch      0%         2d4       100%        4
 Summon Lightning Spire   Summ/Air       0%         N/A       100%        4
 Alistair's Intoxication  Alch           0%         N/A       100%        5
 Dispersal                Tloc           0%         N/A       100%        6
 Disjunction              Tloc           0%         N/A       100%        8
 Summon Horrible Things   Summ           0%         N/A       100%        8


Dungeon Overview and Level Annotations

Branches:
Dungeon (11/15)            Temple (1/1) D:5           Sewer (visited)
   Lair: D:8-11         Orc: D:9-12

Altars:
Ashenzari
Cheibriados
Dithmenos
Elyvilon
Fedhas
Gozag
Hepliaklqana
Kikubaaqudgha
Makhleb
Nemelex Xobeh
Okawaru
Qazlal
Ru
Sif Muna
Uskayaw
Vehumet
Wu Jian
Xom
Yredelemnul
Zin
The Shining One

Shops:
D:4 (   D:10 (

Annotations:
D:8 1 transporter, hawla's ghost, novice MiFi


Innate Abilities, Weirdness & Mutations

Armour fits poorly on your strangely shaped body.
You have extremely tough skin. (AC +3)
You have a long armoured tail.
You regenerate magic and health when rolling toward enemies. (Rampage Regen)
You have sharp fingernails.
You possess an exceptional clarity of mind.
You passively map a small area around you.
You are robust. (+10% HP)


Message History

You sock the orc warrior!
You kill the orc warrior!
The orc warrior barely misses you.
You sock the acid dragon!
The acid dragon is moderately wounded.
The acid dragon spits acid at you. The splash of acid misses you.
You block the orc warrior's attack.
The acid dragon bites you but does no damage.
The acid dragon claws you but does no damage.
You barely miss the acid dragon.
The acid dragon is moderately wounded.
You block the orc warrior's attack. You block the acid dragon's attack.
The acid dragon barely misses you.
You sock the acid dragon!
The acid dragon is severely wounded.
You block the orc warrior's attack. You block the acid dragon's attack.
The acid dragon completely misses you.
You hit the acid dragon but do no damage.
You tail-slap the acid dragon, but do no damage.
The acid dragon is severely wounded.
You block the orc warrior's attack.
The acid dragon bites you but does no damage.
The acid dragon claws you.
* * * LOW HITPOINT WARNING * * *
You hit the acid dragon.
You tail-slap the acid dragon, but do no damage.
The acid dragon is almost dead.
The orc warrior hits you but does no damage.
The acid dragon bites you!
* * * LOW HITPOINT WARNING * * *
You block the acid dragon's attack.
As you read the scroll of teleportation, it crumbles to dust.
You feel strangely unstable. You block the orc warrior's attack.
You block the acid dragon's attack. x2
Hawla's ghost ripples.
The tengu conjurer casts a spell at you.
The bolt of lightning hits the orc warrior!
The orc warrior dies!
The bolt of lightning hits you!!
You die...

#..#K#D.##...##.~#.#.......
#..#.#..#Q...W#~.#©#.......
#..#.#..##...##.~#.#...#...
#..##..~.##W##....##..##...
##..##..#.###.#.~##...#....
#...##8.*.....8##.........
#....##~Q.o..~##..........
####.#..##$###.##...........
#....##..##@D5##............
#....###..#####.............
#...........©...............
#....####...................
#....# ####..|.#.<.........
###### #######.....#....
###########


You could see a tengu conjurer, an acid dragon, a battlesphere (distracted),
hawla's ghost, a shadow imp and an orc.

Vanquished Creatures
  Harold (D:10)
  A boulder beetle (D:6)
  Lodul (D:10)
  A cyclops (D:8)
  The ghost of superradish the Insei, a novice OpSh of Nemelex Xobeh (D:6)
  Maggie (D:8)
  Jeremiah (D:8)
  Prince Ribbit (D:8)
  Grinder (D:5)
  A hornet (D:10)
  Sigmund (D:5)
  A shadow (D:5)
  A wraith (D:10)
  9 yaks
  2 wyverns
  4 steam dragons
  An acid dragon (D:7)
  A water moccasin (D:8)
  Duvessa (D:7)
  An ice beast (D:6)
  2 orc warriors
  A sky beast (D:7)
  11 ogres
  4 black bears (D:9)
  A centaur (D:6)
  A phantom (D:7)
  5 kobold brigands
  Blork the orc (D:5)
  2 bullfrogs
  2 scorpions
  Dowan (D:7)
  15 killer bees
  10 electric eels (D:10)
  3 bombardier beetles
  Crazy Yiuf (D:5)
  A hound (D:4)
  5 orc priests
  4 jellies
  Terence (D:2)
  2 sleepcaps
  4 iguanas
  4 orc wizards
  11 gnolls
  11 adders
  3 river rats
  2 white imps
  4 dart slugs
  22 orcs
  16 ball pythons
  9 bats
  19 endoplasms
  5 giant cockroaches
  3 goblins
  9 hobgoblins
  6 jackals (D:3)
  22 kobolds
  5 quokkas
  11 frilled lizards
  8 rats
279 creatures vanquished.

Vanquished Creatures (others)
  An orc warrior (D:8)
1 creature vanquished.

Grand Total: 280 creatures vanquished

Notes
Turn   | Place    | Note
-------+----------+-------------------------------------------
     0 | D:1      | Gadfly the Armataur Fighter began the quest for the Orb.
     0 | D:1      | Reached XP level 1. HP: 18/18 MP: 1/1
    72 | D:1      | Reached XP level 2. HP: 23/25 MP: 2/2
   300 | D:1      | Reached skill level 1 in Evocations
   302 | D:1      | Reached skill level 1 in Invocations
   352 | D:1      | Reached XP level 3. HP: 30/30 MP: 3/3
  1490 | D:2      | Reached XP level 4. HP: 38/38 MP: 3/5
  1509 | D:2      | Noticed Terence
  1540 | D:2      | Killed Terence
  2080 | D:3      | Reached XP level 5. HP: 35/45 MP: 6/6
  2221 | D:3      | Found a shimmering altar of Xom.
  2401 | D:3      | Found a white marble altar of Elyvilon.
  2427 | D:3      | Found a sparkling altar of Nemelex Xobeh.
  2450 | D:3      | Became a worshipper of Elyvilon the Healer
  2692 | D:3      | Learned a level 2 spell: Blink
  2827 | D:4      | Reached XP level 6. HP: 49/51 MP: 6/8
  2947 | D:4      | Found a broken altar of Ashenzari.
  2994 | D:4      | Reached * piety under Elyvilon
  3029 | D:4      | Found Qiuraxog's Antique Weapon Emporium.
  3052 | D:4      | Found a stormy altar of Qazlal.
  3382 | D:5      | Entered Level 5 of the Dungeon
  3439 | D:5      | Noticed a shadow
  3561 | D:5      | Identified the +1 ring mail of the Valley {Will+ Int+4
                  | Dex-4}
  3581 | D:5      | Found a staircase to the Ecumenical Temple.
  3590 | D:5      | Killed a shadow
  3591 | D:5      | Gained mutation: You regenerate magic and health when
                  | rolling toward enemies. (Rampage Regen) [Armataur growth]
  3591 | D:5      | Reached XP level 7. HP: 38/57 MP: 9/9
  3612 | Temple   | Entered the Ecumenical Temple
  3625 | Temple   | Fell from the grace of Elyvilon
  3625 | Temple   | Became a worshipper of the Shining One
  3660 | D:5      | Noticed Grinder
  3663 | D:5      | Noticed Sigmund
  3671 | D:5      | Paralysed by Grinder for 3 turns
  3726 | D:5      | Found a glowing drain.
  3737 | Sewer    | Entered a sewer
  3926 | Sewer    | Reached * piety under the Shining One
  3975 | Sewer    | Found a viscous altar of Jiyva.
  4038 | Sewer    | Gained mutation: You passively map a small area around you.
                  | [potion of mutation]
  4038 | Sewer    | Gained mutation: You have hidden genetic potential. [potion
                  | of mutation]
  4248 | D:5      | Noticed Blork the orc
  4257 | D:5      | Killed Blork the orc
  4308 | D:5      | Reached skill level 5 in Armour
  4388 | D:5      | Killed Grinder
  4389 | D:5      | Reached XP level 8. HP: 42/66 MP: 11/11
  4521 | D:5      | Found a runed translucent door.
  4522 | D:5      | Noticed Crazy Yiuf
  4638 | D:5      | Killed Sigmund
  4642 | D:5      | Gained mutation: You have sharp fingernails. [hidden
                  | potential]
  4681 | D:5      | Found a shadowy altar of Dithmenos.
  4775 | D:5      | Killed Crazy Yiuf
  5053 | D:6      | Found a runed translucent gate.
  5053 | D:6      | Found a runed translucent gate.
  5053 | D:6      | Noticed superradish's ghost (novice OpSh)
  5054 | D:6      | Found a runed translucent gate.
  5054 | D:6      | Noticed a boulder beetle
  5081 | D:6      | Reached skill level 5 in Invocations
  5085 | D:6      | Reached skill level 5 in Shields
  5085 | D:6      | Reached skill level 5 in Evocations
  5333 | D:6      | Reached skill level 5 in Maces & Flails
  5396 | D:6      | Found an opulent altar of Gozag.
  6019 | D:7      | Reached XP level 9. HP: 72/72 MP: 13/13
  6279 | D:7      | Got Hot Opre's Papyrus of Petrified Creation
  6340 | D:7      | Noticed Duvessa
  6345 | D:7      | Noticed Dowan
  6362 | D:7      | Killed Duvessa
  6366 | D:7      | Killed Dowan
  6376 | D:7      | Gained mutation: You have great hidden genetic potential.
                  | [hidden potential]
  6376 | D:7      | Lost mutation: You have great hidden genetic potential.
                  | [hidden potential expressed]
  6711 | D:7      | Found a shimmering blue altar of Sif Muna.
  7064 | D:8      | Found a sacrificial altar of Ru.
  7101 | D:8      | Found a transporter.
  7108 | D:8      | Noticed a cyclops
  7119 | D:8      | Killed a cyclops
  7120 | D:8      | Reached skill level 5 in Fighting
  7359 | D:8      | Noticed Jeremiah
  7363 | D:8      | Killed Jeremiah
  7394 | D:8      | Noticed Prince Ribbit
  7406 | D:8      | Killed Prince Ribbit
  7407 | D:8      | Reached XP level 10. HP: 59/81 MP: 13/15
  7476 | D:8      | Noticed Maggie
  7476 | D:8      | Reached ** piety under the Shining One
  7491 | D:8      | Killed Maggie
  7795 | D:8      | You fall into a shaft and drop 2 floors!
  7795 | D:10     | Entered Level 10 of the Dungeon
  7855 | D:10     | Found an ancient bone altar of Kikubaaqudgha.
  7908 | D:10     | Gained mutation: You are robust. (+10% HP) [hidden
                  | potential]
  7957 | D:10     | Noticed Harold
  7962 | D:10     | Noticed Lodul
  7998 | D:10     | Killed Lodul
  8022 | D:10     | Killed Harold
  8416 | D:10     | Found Yhilutud's Weapon Boutique.
  8731 | D:10     | Reached XP level 11. HP: 94/97 MP: 15/17
  9478 | D:10     | Gained mutation: You possess an exceptional clarity of
                  | mind. [hidden potential]
  9478 | D:10     | Lost mutation: You have hidden genetic potential. [hidden
                  | potential expressed]
  9555 | D:9      | Found a basalt altar of Yredelemnul.
  9630 | D:8      | Found a transporter.
  9959 | D:8      | Noticed hawla's ghost (novice MiFi)
 10040 | D:6      | Killed superradish's ghost
 10107 | D:6      | Killed a boulder beetle
 10423 | D:8      | Killed from afar by a tengu conjurer

Illustrated notes

Levels and vault maps discovered:
D:1:      kennysheep_arrival_seaside, layout_basic
D:2:      minmay_razor_zed, layout_loops_ring, uniq_terence
D:3:      layout_rooms, xom_teletrap_fun, mainiacjoe_overflow_two_lobes,
          nicolae_elevator_lobby_asterisk
D:4:      layout_cave_pools, cheibrodos_ashenzari_chains,
          nicolae_qazlal_eye_of_the_storm, serial_shops, nicolae_lakefront_shop,
          kennysheep_crisscross
D:5:      layout_cave_pools, mainiacjoe_overflow_24_doors,
          minmay_temple_entry_statues_fountains, serial_glass, glass_columns_a,
          glass_columns_a, portal_sewer_entry_b, uniq_sigmund,
          uniq_blork_the_orc, uniq_crazy_yiuf_cottage, uniq_grinder
D:6:      layout_basic, grunt_gozag_statues, gammafunk_ghost_split,
          minmay_misc_feat_roman, minmay_lizard_king
D:7:      layout_gridville, mainiacjoe_overflow_small_starburst, uniq_duvessa
D:8:      layout_rooms, nicolae_ru_the_path_less_chosen, nzn_ghost_randoct,
          minmay_misc_feat_ornament, uniq_jeremiah, uniq_maggie,
          uniq_prince_ribbit1
D:9:      minmay_tri_box, layout_cave_pools, lemuel_crystal_altar,
          grunt_lair_entry_orc_guard_hut
D:10:     layout_basic, kennysheep_little_box, trog_hazing_becter, serial_shops,
          nicolae_shop_bloodbath_and_beyond, uniq_harold, uniq_lodul
D:11:     layout_gridville, uniq_erica
Temple:   hellmonk_temple_beads

Skill      XL: |  1  2  3  4  5  6  7  8  9 10 11 |
---------------+----------------------------------+-----
Maces & Flails | 2 3 4 5 6 7 8 |  8.0
Evocations     | 1 2 3 4 5 6 8 |  8.6
Invocations    | 1 2 3 4 5 6 8 |  8.6
Fighting       | 3 4 5 6 |  6.3
Armour         | 4 5 6 7 8 |  8.1
Shields        | 4 5 6 7 |  7.3

Action                     |  1- 3 |  4- 6 |  7- 9 | 10-12 || total
---------------------------+-------+-------+-------+-------++-------
  Melee: Flail             |    79 |   218 |   338 |   337 ||   972
         Tailslap          |     4 |    13 |    54 |    80 ||   151
 Invoke: Divine Shield     |       |       |       |     2 ||     2
  Evoke: Wand              |       |       |     4 |    20 ||    24
    Use: Scroll            |     7 |     2 |     7 |     3 ||    19
         Potion            |       |     4 |     4 |     5 ||    13
 Armour: Scale mail        |    58 |   223 |   290 |   291 ||   862
  Dodge: Dodged            |    28 |   112 |   144 |   141 ||   425
  Block: Buckler           |    14 |    71 |    26 |       ||   111
         Kite shield       |       |       |   178 |   215 ||   393
